AoeStats
← RedPhosphoru

MegaRandom

508904620Analyzed
2v2 RM · 8d ago on Sep 24, 2026· 22m 23s· 4 players
Game mode
Random Map
Map size
Medium (4 player)
Population
200
Speed
Normal
Resources
Standard
Victory
Conquest
Starting age
Dark Age
Ending age
Imperial Age
RankedLock teamsTeams togetherTeam positionsShared explorationLock speedFull tech treeHidden civsTurbo modeCheats
Victory
Defeat
🇺🇸 Saxons · United States
1850
+4
🇩🇪 Varangians · Germany
1507
+15
🇬🇧 Goths · United Kingdom
1644
-14
🇨🇭 Romans · Switzerland
1389
-5
ROBIN_HOOD_YO
0:32 Loom
10:18 Feudal Age
14:01 Castle Age
12:05 Double-Bit Axe
12:03 Horse Collar
13:38 Scale Barding Armor
18:21 Fletching
19:31 Husbandry
Blue Cheese
0:29 Loom
13:00 Feudal Age
13:14 Man-at-Arms
15:26 Scale Mail Armor
15:38 Forging
RedPhosphoru
0:28 Loom
8:57 Feudal Age
12:57 Castle Age
11:11 Double-Bit Axe
14:25 Bow Saw
17:23 Scale Mail Armor
22:21 Squires
22:09 Arson
MatzeAoE
0:29 Loom
8:38 Feudal Age
12:39 Castle Age
11:53 Double-Bit Axe
14:42 Horse Collar
15:14 Bow Saw
15:25 Town Watch
21:52 Wheelbarrow
Connection lost

Rejoining the realm…

Still unreachable

The connection could not be restored.

Session expired

The server has moved on; the page needs a fresh start.